 Dungeon Crawl Stone Soup version 0.31-a0-325-g067879e3d3 (webtiles) character file.

Game seed: 17303262506504730741

457 MacCMillion the Ducker (level 7, -2/58 HPs)
             Began as a Merfolk Shapeshifter on July 18, 2023.
             Slain by a sky beast (5 damage)
             ... on level 4 of the Dungeon.
             The game lasted 00:11:43 (3295 turns).

MacCMillion the Ducker (Merfolk Shapeshifter)       Turns: 3295, Time: 00:11:43

Health: -2/58      AC:  5    Str: 15    XL:     7   Next: 6%
Magic:  7/7        EV: 13    Int:  8    God:
Gold:   91         SH:  0    Dex: 16    Spells: 6/6 levels left

rFire   . . .        d - +0 dagger (elec)
rCold   . . .        (no shield)
rNeg    . . .        k - +0 ring mail
rPois   .            (helmet currently unavailable)
rElec   .            (cloak currently unavailable)
rCorr   .            (gloves currently unavailable)
SInv    .            (boots currently unavailable)
Will    ++...        (no amulet)
Stlth   +            e - ring of willpower
HPRegen 0.29/turn    (no ring)
MPRegen 0.10/turn

%: no passive effects
@: beast-form, enlightened, flying
A: beast (slay +2), (nimble swimmer 2), mertail
a: Begin Untransformation


You were on level 4 of the Dungeon.
You were a hulking beast.
You visited 1 branch of the dungeon, and saw 4 of its levels.

You collected 91 gold pieces.

Inventory:

Hand Weapons
 d - a +0 dagger of electrocution (weapon)
 j - the +7 hand axe of Rukkie {antimagic, rC- rN++ Dex+4}
   (You found it on level 2 of the Dungeon)

   Dex:       It affects your dexterity (+4).
   rC:        It makes you vulnerable to cold.
   rN:        It greatly protects you from negative energy.
Missiles
 h - 2 javelins
 q - a throwing net
Armour
 f - a +0 leather armour
 k - a +0 ring mail (worn)
Jewellery
 e - a ring of willpower (left hand)
 g - a +6 ring of intelligence
 m - a +5 ring of evasion
 p - a ring of magical power
Talismans
 c - a beast talisman
Scrolls
 l - a scroll of enchant weapon {unknown}
 o - a scroll of teleportation {unknown}
 r - a scroll of identify {unknown}
Potions
 a - a potion of enlightenment
 b - a potion of lignification
 i - a potion of curing
 n - 3 potions of heal wounds {unknown}


   Skills:
 + Level 6.0 Fighting
 + Level 6.0 Dodging
 - Level 3.6 Unarmed Combat
 - Level 4.0 Shapeshifting


You had 6 spell levels left.
You didn't know any spells.
Your spell library contained the following spells:

 Spells                   Type           Power      Damage    Failure   Level
 Magic Dart               Conj           0%         1d3       65%         1
 Call Imp                 Summ           0%         N/A       78%         2
 Searing Ray              Conj           0%         2d4       78%         2
 Mephitic Cloud           Conj/Pois/Air  0%         N/A       95%         3
 Portal Projectile        Hex/Tloc       0%         N/A       95%         3
 Tukima's Dance           Hex            0%         N/A       95%         3
 Fulminant Prism          Conj/Hex       0%         3d5       100%        4
 Iskenderun's Mystic Bla  Conj/Tloc      0%         2d3       100%        4


Dungeon Overview and Level Annotations

Branches:
Dungeon (4/15)
 Temple: D:4-7

Altars:

Shops:
D:3 =([


Innate Abilities, Weirdness & Mutations

You are a hulking beast.
Your limbs bulge with bestial killing power. (Slay +2)
((You are very nimble when in or above water. (Stealth+, EV+, Speed+++)))
Your lower body shifts to a powerful aquatic tail in water.


Message History

The cerulean imp hits you with a +1 spear.
Natasha misses you.
You hit Natasha. Lightning courses through Natasha!
You kill Natasha!
Natasha screams in pain as she dies!
The cerulean imp disappears in a puff of smoke!
You have reached level 7!
You see here a +0 long sword.
You start resting.
HP restored.
There is an abandoned shop here.
A dart slug comes into view.
The dart slug launches a dart at you. The slug dart misses you.
You hit the dart slug.
Lightning courses through the dart slug!
You kill the dart slug!
A sky beast comes into view.
The sky beast flickers out of sight!
Deactivating autopickup; reactivate with Ctrl-A.
You hit something. Something hits you. Something shocks you.
You closely miss something. You punch something.
Something hits you but does no damage.
You miss something. Something hits you. Something shocks you.
You miss something. Something hits you. Something shocks you.
You closely miss something. Something hits you. Something shocks you.
You miss something. Something hits you. Something shocks you.
You barely miss something. Something hits you. Something shocks you.
* * * LOW HITPOINT WARNING * * *
You miss something. Something hits you but does no damage.
You closely miss something. Something hits you.
* * * LOW HITPOINT WARNING * * *
Something shocks you.
* * * LOW HITPOINT WARNING * * *
It was a potion of enlightenment.
You feel very buoyant.
You fly up into the air.
Something hits you.
* * * LOW HITPOINT WARNING * * *
Something shocks you.
You die...

# #..###### #....h..#
##.####.# #.# #.# #.#
#.# #.# #.# #.# #.#
#.####.#########
#.#####...#...........
#.............########


There were no monsters in sight!

Vanquished Creatures
  Grinder (D:3)
  2 orc priests (D:2)
  Natasha (D:4)
  An iguana (D:4)
  An orc wizard (D:3)
  2 gnolls
  4 adders
  3 dart slugs
  2 orcs
  7 ball pythons
  7 endoplasms
  A giant cockroach (D:3)
  10 goblins
  6 hobgoblins
  4 quokkas
  9 bats
  3 frilled lizards
  5 kobolds
  6 rats
75 creatures vanquished.

Notes
Turn   | Place    | Note
-------+----------+-------------------------------------------
     0 | D:1      | MacCMillion the Merfolk Shapeshifter began the quest for
                  | the Orb.
     0 | D:1      | Reached XP level 1. HP: 16/16 MP: 1/1
   187 | D:1      | Reached XP level 2. HP: 23/23 MP: 2/2
   512 | D:1      | Reached XP level 3. HP: 22/29 MP: 3/3
  1284 | D:2      | Identified the +7 hand axe of Rukkie {antimagic, rC- rN++
                  | Dex+4}
  1392 | D:2      | Reached XP level 4. HP: 25/36 MP: 1/4
  2420 | D:3      | Found Sithroti's Weapon Emporium.
  2473 | D:2      | Reached skill level 5 in Dodging
  2473 | D:2      | Reached XP level 5. HP: 25/43 MP: 1/5
  2603 | D:3      | Noticed Grinder
  2715 | D:3      | Killed Grinder
  2716 | D:3      | Reached XP level 6. HP: 27/52 MP: 2/6
  2806 | D:3      | Found Hodel's Armour Boutique.
  3018 | D:3      | Found Reuziasm's Jewellery Shop.
  3238 | D:4      | Noticed Natasha
  3243 | D:4      | Killed Natasha
  3244 | D:4      | Reached XP level 7. HP: 56/58 MP: 7/7
  3295 | D:4      | Slain by a sky beast

Illustrated notes

Levels and vault maps discovered:
D:1:      dpeg_arrival_rooms_c, layout_rooms, minmay_tiny_reverse_x
D:2:      layout_basic, minmay_misc_feat_columns
D:3:      layout_rooms, serial_shops, nicolae_shop_advertising_works
          [nicolae_subvault_shop_adworks], shop, shop, minmay_misc_feat_pillars,
          uniq_grinder
D:4:      layout_loops_ring, ebering_ghost_sewer_d, abandoned_shop,
          uniq_natasha, uniq_eustachio

Skill      XL: |  1  2  3  4  5  6 |
---------------+-------------------+-----
Dodging        | 3 4 5 6 |  6.0
Fighting       | 3 4 6 |  6.0
Unarmed Combat | 3 |  3.6
Shapeshifting  | |  4.0

Action                     |  1- 3 |  4- 6 |  7- 9 || total
---------------------------+-------+-------+-------++-------
  Melee: Dagger            |    89 |    28 |    10 ||   127
         Unarmed           |     8 |       |       ||     8
         Tailslap          |     3 |       |       ||     3
         Punch             |     1 |     1 |     1 ||     3
         Hand axe          |    13 |    61 |       ||    74
    Use: Potion            |       |     1 |     1 ||     2
 Armour: Animal skin       |     9 |       |       ||     9
         Leather armour    |    11 |     2 |       ||    13
         Ring mail         |       |    18 |     2 ||    20
  Dodge: Dodged            |    61 |    62 |     1 ||   124

Table legend: (Time is in decaauts)
 A = Elapsed time spent in this place.
 B = Non-inter-level travel time spent in this place.
 C = Inter-level travel time spent in this place.
 D = Time resting spent in this place.
 E = Time spent auto-exploring this place.
 F = Levels seen in this place.
 G = Mean time per level.
                   A        B        C        D        E       F      G
               +--------+--------+--------+--------+--------+-----+--------+
         Total |   3311 |   3180 |    131 |   1005 |    989 |   4 |  827.8 |
       Dungeon |   3311 |   3180 |    131 |   1005 |    989 |   4 |  827.8 |
               +--------+--------+--------+--------+--------+-----+--------+

Top non-repeatable levels by time:
     D:2: 1390 daAuts
     D:1: 1057 daAuts
     D:3: 735 daAuts
     D:4: 127 daAuts
